Cogmind - Beta 13 @@@ ROGUE MODE // 2024.06.03 @ 15:22:36 Player: N.W.L Result: Self-destructed Performance ------------- Evolutions (6) 3000 Regions Visited (25) 5000 Robots Destroyed (431) 2155 Value Destroyed (15778) 15778 Prototype IDs (250) 5000 Alien Tech Used (0) 0 Bonus (12831) 12831 TOTAL SCORE: 43764 Bonus ------- Triggered High Security 500 High Alert Combat Kills 3321 Follower Combat Kills 3135 Network Hubs Disabled 600 Aligned with FarCom 300 Met Data Miner 300 Used Data Conduit 3000 Met Imprinter 300 Met R17 at Cetus 500 Pursued by Intercept 1500 Friendly Fire -625 Cogmind --------- Core Integrity 1082/1150 Matter 286/300 Energy 100/100 System Corruption 0% Temperature Cool (0) Movement Walking (330) Ox3 Location -4/Factory Parts ------- > --- POWER (1) -------- (None) > --- PROPULSION (6) --- Improved Treads Improved Treads Flexi-carbon Leg Myomer Leg > --- UTILITY (8) ------ Improved Coolant Injector Cargo Storage Unit Experimental Targeting Computer Core Analyzer Improved Medium Armor Plating Improved Medium Armor Plating Quantum Router > --- WEAPON (4) ------- Advanced Variable Charge Gun KE Penetrator CR-A16's Pointy Stick > --- INVENTORY (30) --- Advanced Power Amplifier Advanced Cooling System Advanced Cooling System Matter Compressor (250) Matter Compressor (250) Structural Scanner Improved Targeting Computer Advanced Target Analyzer Matter Filter Precision Matter Filter Advanced Particle Charger Weapon Cycler Centrium Medium Armor Plating Centrium Medium Armor Plating Advanced Shield Generator Improved Dynamic Insulation System Long-range Tractor Beam Phasing AFG EMDS Nova Cannon Heavy Shock Bomb Launcher Remote Datajack Peak State ------------ > --- POWER ------------ Quantum Reactor > --- PROPULSION ------- Heavy Treads Centrium Heavy Treads Advanced Heavy Siege Treads > --- UTILITY ---------- Cargo Storage Unit Experimental Targeting Computer Experimental Targeting Computer Core Analyzer Advanced Shield Generator Quantum Router > --- WEAPON ----------- Advanced KE Penetrator Advanced KE Penetrator Advanced KE Penetrator > --- INVENTORY -------- Advanced Power Amplifier Advanced Cooling System Advanced Cooling System Improved Coolant Injector Matter Compressor Matter Compressor Structural Scanner Improved Targeting Computer Advanced Target Analyzer Matter Filter Precision Matter Filter Advanced Particle Charger Weapon Cycler Improved Medium Armor Plating Centrium Medium Armor Plating Centrium Medium Armor Plating Experimental Thermal Shield Improved Dynamic Insulation System Long-range Tractor Beam Phasing AFG Advanced Variable Charge Gun Advanced Variable Charge Gun EMDS Nova Cannon Heavy Mass Driver Remote Datajack CR-A16's Pointy Stick [Rating: 133] Favorites ----------- Power Fission Core Engine Reinforced Ion Engine Power Core Fission Core Reactor Antimatter Reactor Propulsion Light Treads Treads Light Treads Leg Carbon-fiber Leg Wheel Armored Wheel Flight Unit Cooled Nuclear Pulse Thruster Utility Cargo Storage Unit Device Weapon Cycler Storage Cargo Storage Unit Processor Core Analyzer Hackware Quantum Router Protection Improved Light Armor Plating Weapon Improved Assault Rifle Energy Gun Heavy Laser Energy Cannon Advanced Beam Cannon Ballistic Gun Improved Assault Rifle Ballistic Cannon Advanced Assault Cannon Launcher Improved Grenade Launcher Special Weapon Flamer Slashing Weapon Chainsword Piercing Weapon CR-A16's Pointy Stick Special Melee Weapon Datajack Build | -11 -10 -10 -9 -9 -9 -8 -8 -7 -7 -7 -7 -6 -6 -6 -6 -6 -5 -5 -5 -5 -5 -5 -5 -5 -4 ------- Run | Yrd Mat Min Mat Min Exi Min Mat Fac Low Low Dat Pro Fac Low Low Zio Pro Fac Was Fac Ext Cet Arc Hub Fac Slots Evolved 12 | . . . 2 . . . 2 2 . . . . 2 . . . . 2 . . . . . . 2 Power . | . . . . . . . . . . . . . . . . . . . . . . . . . . Propulsion 4 | . . . 1 . . . 1 . . . . . 1 . . . . 1 . . . . . . . Utility 6 | . . . 1 . . . 1 1 . . . . 1 . . . . 1 . . . . . . 1 Weapon 2 | . . . . . . . . 1 . . . . . . . . . . . . . . . . 1 Parts Attached 482 | 7 10 1 39 14 10 1 40 24 18 26 16 15 63 21 34 7 11 22 17 3 16 7 2 47 11 Power 28 | 1 1 . 4 . . . 4 1 1 . 1 . 3 . 3 . . 1 4 . . 1 . 3 . Engine 15 | 1 1 . 4 . . . 3 1 . . . . 2 . 2 . . 1 . . . . . . . Core 5 | . . . . . . . 1 . 1 . . . . . 1 . . . 2 . . . . . . Reactor 8 | . . . . . . . . . . . 1 . 1 . . . . . 2 . . 1 . 3 . Propulsion 114 | 2 4 . 12 3 3 1 14 2 3 7 7 3 13 2 5 2 1 8 4 2 . 1 . 13 2 Treads 78 | 2 . . 10 3 2 1 14 2 3 3 5 . 8 . . . . 5 4 2 . 1 . 13 . Leg 19 | . 1 . 1 . . . . . . 2 1 3 . 1 3 2 1 2 . . . . . . 2 Wheel 16 | . 3 . 1 . 1 . . . . 2 1 . 5 1 2 . . . . . . . . . . Hover . | . . . . . . . . . . . . . . . . . . . . . . . . . . Flight 1 | . . . . . . . . . . . . . . . . . . 1 . . . . . . . Utility 153 | 2 3 1 8 3 5 . 11 18 11 7 5 6 19 8 10 2 1 8 5 1 1 1 2 11 4 Device 78 | 1 . 1 2 1 2 . 7 6 6 3 . 3 10 5 5 2 1 6 4 . 1 1 2 8 1 Storage 10 | 1 2 . 3 . 1 . . 2 . 1 . . . . . . . . . . . . . . . Processor 6 | . . . . . . . . 1 1 . . . . 1 1 . . 1 1 . . . . . . Hackware 5 | . . . . . . . . 3 . . . . . . 1 . . . . 1 . . . . . Protection 54 | . 1 . 3 2 2 . 4 6 4 3 5 3 9 2 3 . . 1 . . . . . 3 3 Artifact . | . . . . . . . . . . . . . . . . . . . . . . . . . . Weapon 187 | 2 2 . 15 8 2 . 11 3 3 12 3 6 28 11 16 3 9 5 4 . 15 4 . 20 5 Energy Gun 22 | 1 . . 2 . . . . . 1 1 1 1 1 3 2 . 1 1 1 . . . . 4 2 Energy Cannon 23 | . . . 5 4 . . 5 . . 1 1 . 3 . . . . 1 . . 2 . . . 1 Ballistic Gun 58 | 1 1 . 5 2 1 . 3 . 1 1 . . 6 4 6 1 3 2 3 . 7 3 . 7 1 Ballistic Cannon 14 | . . . . . . . 1 2 1 2 . . 4 . . . . . . . . 1 . 3 . Launcher 33 | . 1 . 3 2 . . 1 . . 4 . 3 4 3 5 . . . . . 2 . . 5 . Special Weapon 9 | . . . . . . . . . . . . . . 1 1 . 3 . . . 4 . . . . Impact Weapon . | . . . . . . . . . . . . . . . . . . . . . . . . . . Slashing Weapon 22 | . . . . . . . 1 1 . 3 1 2 10 . 2 2 . . . . . . . . . Piercing Weapon 5 | . . . . . . . . . . . . . . . . . 2 1 . . . . . 1 1 Special Melee Weapon 1 | . . . . . 1 . . . . . . . . . . . . . . . . . . . . Unidentified Prototypes 11 | . . . 3 . . . 1 . . . . . 2 . . 1 . 1 . . . 1 . 1 1 Corrupted Parts 4 | . . . . . . . . . . . . . . . . . 1 . . . . . . 3 . System Corruption 17 | . . . . . . . . . . . . . . . . . 1 . . . . . . 16 . Parts Lost 116 | . 1 . 7 1 . . 9 1 5 12 6 5 11 9 14 . 4 5 2 . . . . 19 5 Power 6 | . . . . . . . 1 . . . . . 1 . 2 . . . . . . . . 2 . Propulsion 38 | . 1 . 1 . . . 4 . 2 5 3 3 3 3 2 . . . 1 . . . . 7 3 Utility 37 | . . . 3 1 . . 4 1 2 4 2 1 5 3 3 . . 3 1 . . . . 3 1 Weapon 35 | . . . 3 . . . . . 1 3 1 1 2 3 7 . 4 2 . . . . . 7 1 Highest Loss Streak 9 | . 1 . 2 1 . . 3 1 5 9 6 2 9 6 8 . 4 3 2 . . . . 4 5 To Critical Strikes 2 | . . . . . . . . . 1 . . . 1 . . . . . . . . . . . . Average Slot Usage (%) 84 | . 99 100 97 99 94 88 88 91 91 83 88 88 89 63 62 88 92 92 71 70 70 72 75 72 70 Engine 3 | . 14 14 10 11 11 11 5 5 2 . . . 1 6 2 . . . . . . . . . . Core 2 | . . . . . . . 3 1 4 7 4 . . . . 6 6 4 . . . . . . . Reactor 1 | . . . . . . . . . . . 2 7 4 . . . . . 3 5 5 5 5 4 . Treads 16 | . 14 . 25 33 33 33 34 30 29 14 17 12 9 4 . . . 9 18 17 17 17 17 16 16 Leg 7 | . . . . . . . . . . 8 . 14 12 . 5 24 33 25 . . . . . . 3 Wheel 2 | . 12 28 5 . . . . . . 4 9 2 8 6 3 4 . . . . . . . . . Device 8 | . 10 5 17 11 6 . 8 4 7 11 3 6 14 10 10 6 6 11 11 7 5 5 4 4 6 Storage 7 | . 14 14 11 11 11 11 9 6 7 6 7 7 6 6 6 6 6 5 5 5 5 5 5 5 5 Processor 6 | . . . . . . . . 6 11 2 . . . 5 9 13 13 10 15 17 17 17 17 15 10 Hackware 1 | . . . . . . . . 5 . . . . . . . . . . . 2 5 5 5 5 5 Protection 6 | . 3 8 4 10 10 11 8 4 2 5 19 15 11 5 4 6 6 4 . . . . . 1 7 Energy Gun 1 | . 3 . . . . . . . . . 1 2 . . 3 6 2 4 . . . . . 3 4 Energy Cannon 3 | . . . 15 16 . . 10 . . 1 3 7 7 . . . . 1 . . . . . . . Ballistic Gun 8 | . 24 28 5 4 13 22 3 7 9 8 . . 2 8 9 10 3 5 10 11 9 11 17 9 4 Ballistic Cannon 2 | . . . . . . . 3 13 12 2 . . 2 3 . . . . . . . 1 . 1 . Slashing Weapon 1 | . . . . . . . . 1 . 6 16 7 4 . 1 1 . . . . . . . . . Naked Turns . | . . . . . . . . . . . . . . . . . . . . . . . . . . Heaviest Build 242 | 11 90 50 110 108 223 223 226 234 235 242 202 202 211 187 183 167 166 181 179 177 179 191 183 192 179 Greatest Support 230 | 40 40 20 63 63 63 63 83 90 90 88 68 84 144 12 45 81 81 139 210 210 210 220 220 230 115 Greatest Overweight (x) 55 | . 5 2 4 1 3 3 3 2 5 55 16 15 15 15 16 16 2 2 1 . . . . 2 8 Average Overweight (x) 4 | . 2 2 1 1 1 3 2 1 2 9 3 5 5 14 12 6 1 1 . . . . . . 3 Largest Inventory Capacity 35 | 8 25 20 25 25 35 35 35 35 35 35 30 30 30 30 30 30 30 30 30 30 30 30 30 30 30 Average Capacity 30 | 7 18 20 24 25 29 35 35 34 35 31 30 30 30 30 30 30 30 30 30 30 30 30 30 30 30 Most Carried 35 | 6 20 20 25 25 32 35 35 35 35 31 30 30 30 30 30 30 30 30 30 30 30 30 30 30 28 Average Carried 29 | 2 13 20 24 24 26 33 34 33 33 26 28 28 29 28 27 29 28 28 29 29 29 29 30 27 23 Final Capacity 35 | 8 20 20 25 25 35 35 35 35 35 30 30 30 30 30 30 30 30 30 30 30 30 30 30 30 30 Final Carried 35 | 6 20 20 25 25 32 35 34 35 31 30 30 27 27 30 30 29 27 30 30 28 30 30 30 28 23 Class Distribution -------------------- 37% | Hauler-Mutant 15% | Hauler-Gunner 11% | Hauler-Tank 9% | Scavenger-Mutant 7% | Scavenger-Gunner 7% | Hauler-Skirmisher 5% | Mutant 4% | Commander-Gunner Dominant Class ---------------- Mutant | -10/Materials Mutant | -10/Mines Scavenger-Mutant | -9/Materials Mutant | -9/Mines Scavenger-Mutant | -9/Exiles Hauler-Mutant | -8/Mines Hauler-Mutant | -8/Materials Hauler-Skirmisher | -7/Factory Hauler-Gunner | -7/Lower Caves Hauler-Mutant | -7/Lower Caves Hauler-Mutant | -7/Data Miner Hauler-Mutant | -6/Proximity Caves Hauler-Mutant | -6/Factory Hauler-Tank | -6/Lower Caves Hauler-Tank | -6/Lower Caves Hauler-Gunner | -6/Zion Hauler-Mutant | -5/Proximity Caves Hauler-Skirmisher | -5/Factory Scavenger-Gunner | -5/Waste Scavenger-Gunner | -5/Factory Commander-Gunner | -5/Extension Commander-Gunner | -5/Cetus Scavenger-Gunner | -5/Archives Scavenger-Gunner | -5/Hub_04(d) Scavenger-Mutant | -4/Factory Resources | -11 -10 -10 -9 -9 -9 -8 -8 -7 -7 -7 -7 -6 -6 -6 -6 -6 -5 -5 -5 -5 -5 -5 -5 -5 -4 ----------- Run | Yrd Mat Min Mat Min Exi Min Mat Fac Low Low Dat Pro Fac Low Low Zio Pro Fac Was Fac Ext Cet Arc Hub Fac Matter Collected 13974 | 276 833 . 796 264 80 102 954 938 520 824 175 260 1680 519 945 70 120 424 517 194 700 154 141 2325 163 Remotely 2174 | . . . . . . . . 814 54 . . 48 218 121 165 . . . . . . . . 754 . Salvage Created 20355 | 134 541 . 2438 292 . 343 2199 759 283 347 403 150 1938 140 1364 57 260 1281 1174 399 1040 . 187 4369 257 Parts 901 | 8 32 . 140 33 . 14 119 32 8 13 14 10 96 10 37 1 7 38 21 12 38 . 9 201 8 Haulers Intercepted 25 | . 2 . 5 . . . 4 1 . . . . 4 . . . . 2 . 3 3 . . 1 . Recyclers Shooed 14 | 1 . . 4 . . 1 2 1 . . . . . . . . . 1 . . 4 . . . . Parts Field Recycled . | . . . . . . . . . . . . . . . . . . . . . . . . . . Retrieved Matter . | . . . . . . . . . . . . . . . . . . . . . . . . . . Parts Self-Destructed 104 | . . . . . . . . . 8 24 . 7 . 17 34 4 10 . . . . . . . . Prevented 2 | . . . . . . . . . . 2 . . . . . . . . . . . . . . . Kills | -11 -10 -10 -9 -9 -9 -8 -8 -7 -7 -7 -7 -6 -6 -6 -6 -6 -5 -5 -5 -5 -5 -5 -5 -5 -4 ------- Run | Yrd Mat Min Mat Min Exi Min Mat Fac Low Low Dat Pro Fac Low Low Zio Pro Fac Was Fac Ext Cet Arc Hub Fac Combat Hostiles Destroyed 293 | . 11 . 36 12 . 3 30 17 8 9 4 10 22 7 24 . 6 8 4 . 6 . 1 72 3 Melee 6 | . . . . . . . . . . 1 4 . . . . . . . . . . . . 1 . Guns 138 | . 8 . 13 3 . 3 9 3 4 3 . . 8 2 15 . 3 6 4 . 4 . 1 46 3 Cannons 85 | . . . 20 4 . . 18 14 4 . . 1 8 . . . 3 2 . . . . . 11 . AOE 60 | . 3 . 2 5 . . 2 . . 5 . 8 5 5 9 . . . . . 2 . . 14 . Classes Destroyed 21 | 2 6 . 6 . . . 1 1 . 1 . 1 . . . . . . 1 . . . . 2 . Worker 30 | . 2 . 2 2 . 1 4 2 . . . . 9 . . . . . . 1 . . . 7 . Builder 17 | . . . 5 2 . . . . . . . . 4 . . . . 1 . . 2 . . 3 . Tunneler 9 | 2 1 . 2 . . . 1 . . . . . 2 . . . . . . . . . . 1 . Hauler 25 | . 2 . 5 . . . 4 1 . . . . 4 . . . . 2 . 3 3 . . 1 . Recycler 32 | 1 . . 6 . . 2 8 2 . . . . 5 . . . . 3 . 1 2 . . 2 . Minesweeper 3 | . . . . . . . . . . 1 . . . . 1 . 1 . . . . . . . . Mechanic 6 | . 1 . . . . . 1 1 . . . . . . . . . 2 . . . . . . 1 Operator 7 | . . . 1 . . . 2 . . . . . . . . . . . . . . . 3 1 . Watcher 13 | . 1 . 4 . . . 3 . . . . . 2 . . . . . . . . . . 3 . Swarmer 53 | . 3 . 6 10 . . 3 . 3 1 . 8 4 5 1 . 2 1 . . . . . 6 . Saboteur 2 | . . . . . . . . . . . . . . . . . . . . . . . . 2 . Grunt 120 | . 8 . 18 . . 2 17 8 . 6 . . 3 1 16 . 3 . . . 2 . . 33 3 Brawler 16 | . . . 2 . . 1 1 . 2 . . . 1 . 3 . 1 2 . . . . . 3 . Duelist 13 | . . . 2 . . . . 1 1 2 . . . . 3 . . . . . . . . 4 . Protector 3 | . . . 1 . . . . . . . . . . . . . . . . . . . . 2 . Sentry 34 | . . . 7 2 . . 8 . 2 . . . 2 1 1 . . . . . 3 . 1 7 . Hunter 12 | . . . . . . . 1 2 . . . 1 2 . . . . . . . . . . 6 . Programmer 20 | . . . . . . . . 6 . . . . 8 . . . . 3 . . . . . 3 . Heavy 1 | . . . . . . . . . . . . . . . . . . . . . . . . 1 . Behemoth 1 | . . . . . . . . . . . . 1 . . . . . . . . . . . . . Compactor 4 | . . . . . . . . . . . . . . . . . . . 4 . . . . . . Enhanced Grunt 4 | . . . . . . . . . . . 4 . . . . . . . . . . . . . . Lightning 3 | . . . . . . . . . . . . . . . . . . . . . . . . 3 . Tracker 3 | . . . . . . . . . . . . . 1 . . . . 1 . . . . . 1 . Combat Programmer 3 | . . . . . . . . . . . . . 1 . . . . 1 . . . . . 1 . Surgeon 1 | . . . . . . . . . . . . . . . . . . . . . . . . 1 . Wasp 1 | . . . . . . . . . . . . . . . . . . . . . 1 . . . . Thug 1 | . . . . . . . . . . . . . . . . . . . . . 1 . . . . Butcher 1 | . . . . . . . . . . . . . . . . . . . . . 1 . . . . Best Kill Streak 16 | 3 4 . 7 4 . 4 6 6 7 6 2 4 7 4 9 . 4 3 3 1 2 . 1 16 3 Combat Bots Only 12 | . 3 . 7 4 . 3 5 4 7 6 2 4 4 4 9 . 4 3 3 . 2 . 1 12 1 Max Kills in Single Turn 6 | 1 3 . 2 3 . 1 2 2 1 2 1 3 4 2 6 . 1 2 1 1 2 . 1 5 1 Gunslinging 1 | . . . 1 . . . . . . . . . . . 1 . . . . . . . . . . Exploded 6 | . 3 . 2 3 . . 2 . . 2 . 3 2 2 6 . . . . . 2 . . 4 . Melee 1 | . . . . . . . . . . 1 1 . . . . . . . . . . . . 1 . Uniques/NPCs Destroyed 1 | . . . . . . . . . . . 1 . . . . . . . . . . . . . . Data Miner (-7/Data Miner) Combat | -11 -10 -10 -9 -9 -9 -8 -8 -7 -7 -7 -7 -6 -6 -6 -6 -6 -5 -5 -5 -5 -5 -5 -5 -5 -4 -------- Run | Yrd Mat Min Mat Min Exi Min Mat Fac Low Low Dat Pro Fac Low Low Zio Pro Fac Was Fac Ext Cet Arc Hub Fac Hostile Shots Fired 1865 | . 74 . 150 65 . 17 141 78 70 78 38 84 267 113 100 . 41 53 5 . 27 1 . 395 68 Missed 463 | . 16 . 38 21 . 3 30 21 10 16 6 25 61 52 36 . 10 6 . . 9 . . 89 14 Damage Taken 25076 | . 735 . 1334 487 . 225 1797 937 1223 1415 1253 918 2859 1016 1279 . 584 1006 250 . 294 74 . 6567 823 Core 2074 | . 211 . 165 87 . 15 124 73 45 14 120 24 228 57 143 . 18 38 109 . 40 . . 495 68 Absorbed by Shields 1014 | . . . . 20 . . . . . . . . . . . . . 21 . . 100 8 . 865 . Reduced by Siege Mode 628 | . . . . . . . . . . . . . . . . . . . 28 . . . . 600 . Redirected to Shielding 47 | . . . . . . . . . . . . . . . . . . . . . . . . 47 . Ignored by Resistances 890 | . . . . . . . . . 48 . 152 97 208 20 104 . . . . . . . . . 261 Regen/Repaired (Parts) 777 | . . . 306 . . . . 269 . . . . . . . . . . 24 . . . 7 23 148 Core Remaining (%) 51 | 100 . 15 . . . 33 77 . . . . 60 . . . . 47 . . . . . . 31 . Volleys Fired 1007 | 6 74 . 148 29 . 12 135 54 18 24 . 22 79 15 44 . 13 37 27 7 68 6 7 158 24 Largest 3 | 2 2 . 2 2 . 2 2 3 3 3 . 3 3 2 3 . 3 3 2 2 2 1 3 3 2 Hottest 315 | 60 60 . 136 136 . 46 136 119 119 131 . 206 210 83 141 . 300 203 65 63 115 75 105 315 113 Shots Fired 2039 | 12 146 . 293 55 . 24 267 155 55 47 1 34 173 26 85 . 27 81 44 14 84 8 23 360 25 Gun 1173 | 12 145 . 158 20 . 24 60 50 27 25 . 2 45 15 70 . 12 54 44 14 35 4 23 309 25 Cannon 730 | . . . 132 32 . . 205 105 28 13 1 20 117 5 . . . 27 . . 1 4 . 40 . Launcher 73 | . 1 . 3 3 . . 2 . . 9 . 12 11 6 14 . . . . . 1 . . 11 . Special 63 | . . . . . . . . . . . . . . . 1 . 15 . . . 47 . . . . Kinetic 1348 | 6 128 . 151 20 . 24 123 155 55 29 . . 83 20 60 . 7 44 44 14 35 8 23 296 23 Thermal 565 | 6 17 . 139 32 . . 142 . . 6 1 22 79 . 10 . 20 36 . . 1 . . 53 1 Explosive 70 | . 1 . 3 3 . . 2 . . 9 . 12 11 6 14 . . . . . 1 . . 8 . Electromagnetic 9 | . . . . . . . . . . 3 . . . . 1 . . 1 . . . . . 3 1 Robot Hit Streak 55 | 5 20 . 15 5 . 9 17 13 42 43 . 8 14 6 12 . 8 15 21 18 54 55 9 27 12 Robot Miss Streak 7 | 2 2 . 5 3 . 1 3 3 1 4 . 3 7 2 3 . 1 2 1 1 1 1 1 2 1 Penetration Max 1 | . . . . . . . . . . . . . . . 1 . . 1 . . 1 . 1 1 1 Secondary Targets 14 | . 1 . 1 . . 1 . . . . . . . . 2 . . . . . . . . 9 . Max Gunslinging Chain 1 | . 1 . 1 . . 1 . . . . . . . . 1 . . . . . . . . 1 . Shots Hit Robots 1498 | 5 108 . 177 29 3 18 178 111 48 30 33 18 129 13 65 2 19 57 41 11 77 2 17 279 28 Core Hits 797 | 4 42 . 82 16 . 11 74 34 15 27 16 14 72 12 60 1 17 35 15 9 36 3 10 181 11 Critical Kills 26 | . . . 2 . . 1 3 . . . . . 1 . 2 . . . . . 2 . 2 13 . Critical Parts Destroyed 32 | . 3 . 1 . . . . . . . . . . . 1 . . . 1 . . . 1 23 2 Critical Strikes 81 | . 3 . 3 . . 1 3 4 2 . 7 . 3 . 3 . 2 . 2 . 2 . 3 39 4 Burn 2 | . . . . . . . . . . . . . . . . . 2 . . . . . . . . Meltdown 5 | . . . 2 . . . 2 . . . . . 1 . . . . . . . . . . . . Destroy 54 | . 3 . 1 . . 1 1 . . . . . . . 3 . . . 2 . 2 . 3 36 2 Blast 10 | . . . . . . . . 4 2 . . . 1 . . . . . . . . . . 3 . Sever 8 | . . . . . . . . . . . 7 . 1 . . . . . . . . . . . . Impale 2 | . . . . . . . . . . . . . . . . . . . . . . . . . 2 Melee Attacks 147 | . . . . . 3 . 1 5 . 3 59 . 40 . 6 11 2 5 . . . . . 4 8 Impact . | . . . . . . . . . . . . . . . . . . . . . . . . . . Slashing 127 | . . . . . . . 1 5 . 3 59 . 40 . 6 11 2 . . . . . . . . Piercing 17 | . . . . . . . . . . . . . . . . . . 5 . . . . . 4 8 Sneak Attacks 30 | . . . . . 3 . . 3 . 1 1 . 17 . 2 . . 3 . . . . . . . Combat Hostiles . | . . . . . . . . . . . . . . . . . . . . . . . . . . Follow-up Attacks 9 | . . . . . . . . . . . 9 . . . . . . . . . . . . . . Damage Inflicted 49284 | 50 1055 . 3393 1025 . 313 3908 2727 1042 1383 1211 1270 7265 722 3321 180 418 2223 1547 274 1829 131 665 12507 825 Guns 21402 | 50 898 . 1430 238 . 307 735 596 318 278 . 75 944 222 1259 . 243 1512 1547 274 1364 131 665 7707 609 Cannons 13860 | . . . 1698 355 . . 3002 1885 724 163 . 341 2768 101 . . . 493 . . 34 . . 2296 . Explosions 9128 | . 157 . 265 432 . . 171 . . 827 . 854 1689 399 1546 . . . . . 384 . . 2404 . Melee 4643 | . . . . . . . . 234 . 115 1211 . 1864 . 505 180 . 218 . . . . . 100 216 Ramming 65 | . . . . . . 6 . 12 . . . . . . . . . . . . 47 . . . . Kinetic 26188 | 6 756 . 1361 238 . 307 1748 2481 1042 343 . . 1755 323 1154 . 120 1173 1547 274 1364 131 665 8825 575 Thermal 9264 | 44 142 . 1767 355 . . 1989 . . 56 . 416 2007 . 112 . 298 832 . . 34 . . 1178 34 Explosive 8419 | . 157 . 265 432 . . 171 . . 827 . 854 1530 399 1546 . . . . . 384 . . 1854 . Electromagnetic 705 | . . . . . . . . . . 42 . . 109 . 4 . . . . . . . . 550 . Impact . | . . . . . . . . . . . . . . . . . . . . . . . . . . Slashing 4109 | . . . . . . . . 234 . 115 1211 . 1864 . 505 180 . . . . . . . . . Piercing 534 | . . . . . . . . . . . . . . . . . . 218 . . . . . 100 216 Highest Corruption 42 | . . . . . . . 8 1 10 10 10 10 7 7 7 7 1 6 6 6 6 6 6 42 . Average Corruption 6 | . . . . . . . 2 1 3 10 10 10 1 7 7 7 1 5 6 6 6 6 4 18 . Corruption Purged 6 | . . . . . . . . . . . . . . . . . . . . . . . 6 . . Corruption Blocked . | . . . . . . . . . . . . . . . . . . . . . . . . . . Effects 596 | . . . . . . . 46 3 28 103 23 46 25 63 97 4 5 9 16 15 33 15 8 57 . Message Errors 142 | . . . . . . . 14 1 8 25 3 14 6 15 22 3 2 2 3 . 8 4 1 11 . Matter Fused 129 | . . . . . . . 8 . 8 28 4 8 1 14 21 . . 1 5 6 7 2 2 14 . Heat Flow Errors 84 | . . . . . . . 5 1 3 11 4 9 2 9 13 . . 1 2 2 10 2 1 9 . Energy Discharges 67 | . . . . . . . 6 . . 10 3 4 8 8 12 . 1 2 . 1 3 1 . 8 . Parts Rejected 3 | . . . . . . . . . . 1 . . . 1 . . . . . . . . . 1 . Parts Fused 7 | . . . . . . . . . . . . . . 1 1 . . . 2 . . 2 . 1 . Data Loss (minor) 73 | . . . . . . . 5 1 5 13 5 6 3 8 13 . 2 2 2 2 3 1 . 2 . Data Loss (major) 38 | . . . . . . . 4 . 1 9 1 . 3 2 8 1 . . . 3 . 1 2 3 . Misfires 32 | . . . . . . . 3 . 2 4 1 4 1 4 3 . . 1 1 1 1 2 2 2 . Alerts 11 | . . . . . . . 1 . . 1 2 . 1 1 2 . . . 1 . . . . 2 . Misdirections 2 | . . . . . . . . . . . . . . . . . . . . . . . . 2 . Weapon Failures 8 | . . . . . . . . . 1 1 . 1 . . 2 . . . . . 1 . . 2 . Overload Shots 1 | . . . . . . . . . . . . . . . . . . . . . . . . 1 . Overflow Damage 1519 | . . . 1 21 . . 89 128 . 35 . . 760 44 247 43 . 43 . . 4 . . 98 6 Projectiles 428 | . . . 1 21 . . 56 87 . . . . 185 2 . . . . . . 4 . . 72 . Explosions 267 | . . . . . . . 33 . . 35 . . 109 42 22 . . . . . . . . 26 . Melee 824 | . . . . . . . . 41 . . . . 466 . 225 43 . 43 . . . . . . 6 Knockbacks 60 | . . . . . . . 10 24 . 4 . . 8 . . . . . . . . . . 14 . Impact 1 | . . . . . . . . 1 . . . . . . . . . . . . . . . . . Kinetic 50 | . . . . . . . 9 19 . 3 . . 7 . . . . . . . . . . 12 . Secondary 9 | . . . . . . . 1 4 . 1 . . 1 . . . . . . . . . . 2 . Self-Inflicted Damage 1014 | . 11 . . 97 . . 54 . . 220 . 39 121 29 147 . . . . . . . . 296 . Shots 31 | . 1 . . 2 . . 1 . . 5 . 2 4 1 6 . . . . . . . . 9 . Rammed 3 | . . . . . . 1 . 1 . . . . . . . . . . . . 1 . . . . Targets Rammed 3 | . . . . . . 1 . 1 . . . . . . . . . . . . 1 . . . . Kicked . | . . . . . . . . . . . . . . . . . . . . . . . . . . Crushed . | . . . . . . . . . . . . . . . . . . . . . . . . . . Highest Temperature 480 | 20 112 . 66 252 . 91 270 408 408 450 263 406 190 258 297 . 216 226 203 243 222 170 234 480 21 Average Temperature 82 | 14 33 . 13 81 . 55 92 103 124 115 84 104 57 96 83 . 80 70 41 89 87 54 50 91 14 Received Heat Transfer 6019 | . 426 . 579 45 . 108 864 261 123 537 . 340 282 96 426 . 333 . . . 81 9 . 1118 391 Effects 8 | . . . . . . . . . 1 1 . 3 . . . . . . . . . . . 3 . Shutdowns 1 | . . . . . . . . . . 1 . . . . . . . . . . . . . . . Energy Bleed 1 | . . . . . . . . . 1 . . . . . . . . . . . . . . . . Interference 5 | . . . . . . . . . . . . 2 . . . . . . . . . . . 3 . Matter Decay 1 | . . . . . . . . . . . . 1 . . . . . . . . . . . . . Siege Activations 5 | . . . . . . . . . . . . . . . . . . . 1 . . . . 4 . Total Turns 182 | . . . . . . . . . . . . . . . . . . . 8 . . . . 174 . Longest Duration 95 | . . . . . . . . . . . . . . . . . . . 8 . . . . 95 . Robots Corrupted . | . . . . . . . . . . . . . . . . . . . . . . . . . . Combat Hostiles . | . . . . . . . . . . . . . . . . . . . . . . . . . . Parts Fried 1 | . . . . . . . . . . . . . . . . . . . . . . . . 1 . Impact Corruptions 1 | . . . . . . . . . . . . . . . . . . . . . . . . 1 . Robots Melted 5 | . . . 2 . . . 2 . . . . . 1 . . . . . . . . . . . . Combat Hostiles 3 | . . . 1 . . . 1 . . . . . 1 . . . . . . . . . . . . Parts Melted 27 | . . . 5 4 . . 12 . . . 2 . . . . . 1 2 . . . . . 1 . Heat Transferred 14199 | 100 325 . 3027 629 . . 3589 . . 74 . 150 1900 . 265 . 1610 1200 . . 37 . . 1256 37 Parts Sabotaged 3 | . . . . . . . . . . . . . . . . . . . . . . . . 3 . Parts Stolen . | . . . . . . . . . . . . . . . . . . . . . . . . . . Parts Stripped . | . . . . . . . . . . . . . . . . . . . . . . . . . . Power Chain Reactions 1 | . . . . . . . . . . . . . 1 . . . . . . . . . . . . Alert | -11 -10 -10 -9 -9 -9 -8 -8 -7 -7 -7 -7 -6 -6 -6 -6 -6 -5 -5 -5 -5 -5 -5 -5 -5 -4 ------- Run | Yrd Mat Min Mat Min Exi Min Mat Fac Low Low Dat Pro Fac Low Low Zio Pro Fac Was Fac Ext Cet Arc Hub Fac Peak Influence 2697 | 15 199 37 565 323 . 75 359 278 . . . . 466 . . . . 165 40 378 1036 658 348 2697 1338 Initial 1306 | . 9 37 14 201 . . . 163 . . . . 18 . . . . 44 18 . 184 516 211 56 1306 Average 298 | 4 68 37 307 182 . 26 138 154 . . . . 119 . . . . 60 8 81 557 594 285 1521 1324 Maximum Alert Level 5 | . . . 2 1 . . 1 1 . . . . 2 . . . . . . 1 3 2 1 5 4 Low Security (%) 62 | 100 100 100 39 66 . 100 66 78 . . . . 84 . . . . 100 100 80 4 . 25 3 . Level 1 17 | . . . 18 33 . . 33 21 . . . . 12 . . . . . . 19 22 . 74 3 . Level 2 10 | . . . 41 . . . . . . . . . 3 . . . . . . . 44 99 . 9 . Level 3 3 | . . . . . . . . . . . . . . . . . . . . . 27 . . 20 . Level 4 2 | . . . . . . . . . . . . . . . . . . . . . . . . 12 100 Level 5 3 | . . . . . . . . . . . . . . . . . . . . . . . . 43 . High Security . | . . . . . . . . . . . . . . . . . . . . . . . . 7 . Max Security . | . . . . . . . . . . . . . . . . . . . . . . . . . . Squads Dispatched 78 | . 2 . 6 . . 1 4 9 . 1 . . 13 . 1 . . 4 . 1 . . . 31 5 Investigation 15 | . 1 . 2 . . 1 3 2 . . . . 1 . . . . 1 . . . . . 4 . Extermination 16 | . . . . . . . . 6 . . . . 7 . . . . 1 . . . . . 1 1 Reinforcement 13 | . 1 . 2 . . . 1 1 . . . . 3 . . . . . . 1 . . . 4 . Assault 18 | . . . 2 . . . . . . 1 . . . . 1 . . . . . . . . 10 4 Garrison 10 | . . . . . . . . . . . . . . . . . . . . . . . . 10 . Intercept 6 | . . . . . . . . . . . . . 2 . . . . 2 . . . . . 2 . Searches Triggered . | . . . . . . . . . . . . . . . . . . . . . . . . . . Construction Impeded 5 | . . . 1 . . . . 1 . . . . 2 . . . . . . . . . . 1 . Haulers Reinforced 2 | . . . . . . . . . . . . . 1 . . . . . . 1 . . . . . Active Scanning Responses . | . . . . . . . . . . . . . . . . . . . . . . . . . . Cargo Convoy Interrupts . | . . . . . . . . . . . . . . . . . . . . . . . . . . Stealth | -11 -10 -10 -9 -9 -9 -8 -8 -7 -7 -7 -7 -6 -6 -6 -6 -6 -5 -5 -5 -5 -5 -5 -5 -5 -4 --------- Run | Yrd Mat Min Mat Min Exi Min Mat Fac Low Low Dat Pro Fac Low Low Zio Pro Fac Was Fac Ext Cet Arc Hub Fac Distress Signals 24 | . 2 . 2 . . . 4 1 . . . . . . . . . . . 1 1 3 1 9 . Communications Jammed . | . . . . . . . . . . . . . . . . . . . . . . . . . . Distress Signals . | . . . . . . . . . . . . . . . . . . . . . . . . . . Times Spotted 460 | . 22 . 56 12 . 3 42 21 8 23 4 10 24 8 29 . 11 8 6 6 32 10 10 109 6 Peak Tracking Total 13 | . 4 . 5 4 . 3 5 5 7 9 4 4 4 4 13 . 4 4 2 2 10 5 2 9 5 Tactical Retreats 16 | . 1 . 1 . . . 1 . . 1 . . . . 3 . 1 . 1 . . . . 7 . Traps | -11 -10 -10 -9 -9 -9 -8 -8 -7 -7 -7 -7 -6 -6 -6 -6 -6 -5 -5 -5 -5 -5 -5 -5 -5 -4 ------- Run | Yrd Mat Min Mat Min Exi Min Mat Fac Low Low Dat Pro Fac Low Low Zio Pro Fac Was Fac Ext Cet Arc Hub Fac Traps Triggered 8 | . . . 1 . . . 2 . . . . . 1 . . . . 2 . . . . . 2 . Indirectly . | . . . . . . . . . . . . . . . . . . . . . . . . . . Trap Hack Attempts . | . . . . . . . . . . . . . . . . . . . . . . . . . . Triggered . | . . . . . . . . . . . . . . . . . . . . . . . . . . Disarmed . | . . . . . . . . . . . . . . . . . . . . . . . . . . Reprogrammed . | . . . . . . . . . . . . . . . . . . . . . . . . . . Reused . | . . . . . . . . . . . . . . . . . . . . . . . . . . Traps Extracted . | . . . . . . . . . . . . . . . . . . . . . . . . . . Installed . | . . . . . . . . . . . . . . . . . . . . . . . . . . Triggered . | . . . . . . . . . . . . . . . . . . . . . . . . . . Most Traps Carried 7 | . . . . . . . . . . . . . . . 7 5 . . . . . . . . . Machines | -11 -10 -10 -9 -9 -9 -8 -8 -7 -7 -7 -7 -6 -6 -6 -6 -6 -5 -5 -5 -5 -5 -5 -5 -5 -4 ---------- Run | Yrd Mat Min Mat Min Exi Min Mat Fac Low Low Dat Pro Fac Low Low Zio Pro Fac Was Fac Ext Cet Arc Hub Fac Machines Disabled 50 | . . . 4 1 . . . 6 . . . . 12 . . . . . . . . 1 1 25 . Max in Single Turn 5 | . . . 1 1 . . . 1 . . . . 4 . . . . . . . . 1 . 5 . Garrison Access 3 | . . . . . . . . 1 . . . . . . . . . . . 1 . . . 1 . Network Hub 3 | . . . . . . . . . . . . . . . . . . . . . . . . 3 . Machines Repaired . | . . . . . . . . . . . . . . . . . . . . . . . . . . Machines Dismantled . | . . . . . . . . . . . . . . . . . . . . . . . . . . Machines Sabotaged 2 | . . . . . . . . . . . . . . . . . . . . . . . . 2 . Overloaded Fab Kills . | . . . . . . . . . . . . . . . . . . . . . . . . . . Hacking | -11 -10 -10 -9 -9 -9 -8 -8 -7 -7 -7 -7 -6 -6 -6 -6 -6 -5 -5 -5 -5 -5 -5 -5 -5 -4 --------- Run | Yrd Mat Min Mat Min Exi Min Mat Fac Low Low Dat Pro Fac Low Low Zio Pro Fac Was Fac Ext Cet Arc Hub Fac Machines Accessed 72 | . 6 . 9 . 2 1 11 8 . 1 4 . 7 . . 1 . 5 . 3 6 2 . 5 1 Terminals 46 | . 5 . 7 . . 1 8 5 . . . . 3 . . . . 3 . 1 6 2 . 5 . Fabricators 3 | . . . . . . . . 1 . . . . . . . . . 1 . 1 . . . . . Repair Stations 8 | . 1 . 2 . . . 1 1 . . . . 1 . . . . 1 . . . . . . 1 Recycling Units 2 | . . . . . . . 1 . . . . . 1 . . . . . . . . . . . . Scanalyzers 3 | . . . . . . . 1 . . . . . 2 . . . . . . . . . . . . Garrison Access 2 | . . . . . . . . 1 . . . . . . . . . . . 1 . . . . . Total Hacks 247 | . 18 . 26 . 5 4 36 24 . 1 27 . 26 . . 4 . 13 . 8 28 2 . 22 3 Successful 140 | . 11 . 14 . 5 . 20 10 . 1 27 . 11 . . 4 . 8 . 3 15 1 . 8 2 Failed 107 | . 7 . 12 . . 4 16 14 . . . . 15 . . . . 5 . 5 13 1 . 14 1 Catastrophic 21 | . 1 . 2 . . 1 . 2 . . . . 3 . . . . . . 1 3 1 . 7 . Database Lockouts . | . . . . . . . . . . . . . . . . . . . . . . . . . . Manual 82 | . 10 . 10 . 1 5 11 4 . . . . 5 . . . . 3 . . 12 1 1 19 . Terminals 160 | . 16 . 20 . . 4 28 16 . . . . 15 . . . . 8 . 1 28 2 . 22 . Fabricators 11 | . . . . . . . . 3 . . . . . . . . . 4 . 4 . . . . . Repair Stations 22 | . 2 . 6 . . . 2 4 . . . . 4 . . . . 1 . . . . . . 3 Recycling Units 5 | . . . . . . . 3 . . . . . 2 . . . . . . . . . . . . Scanalyzers 8 | . . . . . . . 3 . . . . . 5 . . . . . . . . . . . . Garrison Access 4 | . . . . . . . . 1 . . . . . . . . . . . 3 . . . . . Terminal Hacks 96 | . 8 . 6 . 5 . 13 5 . 1 27 . 3 . . 4 . 5 . 1 13 1 . 4 . Record 17 | . . . . . 4 . 1 . . . 11 . . . . . . . . . . 1 . . . Part Schematic 17 | . 2 . . . . . . 2 . . 9 . . . . 4 . . . . . . . . . Robot Schematic 4 | . . . . . . . . . . . 4 . . . . . . . . . . . . . . Robot Analysis 6 | . 2 . . . . . 4 . . . . . . . . . . . . . . . . . . Prototype ID Bank 9 | . . . 2 . . . 2 . . . 3 . 1 . . . . 1 . . . . . . . Open Door 3 | . . . . . . . . . . 1 . . . . . . . . . 1 1 . . . . Branch Access Points 1 | . . . . . . . . 1 . . . . . . . . . . . . . . . . . Emergency Access Points 1 | . . . . . . . . . . . . . . . . . . 1 . . . . . . . Terminal Index 3 | . . . 1 . . . 1 1 . . . . . . . . . . . . . . . . . Alert Level 7 | . . . . . . . 1 1 . . . . . . . . . . . . 2 . . 3 . Unreport Threat 4 | . . . . . . . 1 . . . . . . . . . . . . . 2 . . 1 . Locate Traps 6 | . 1 . 1 . . . . . . . . . . . . . . 1 . . 3 . . . . Dispatch Records 2 | . . . . . . . . . . . . . . . . . . . . . 2 . . . . Maintenance Status 1 | . . . . . . . . . . . . . . . . . . . . . 1 . . . . Security Status 1 | . . . . . . . . . . . . . . . . . . 1 . . . . . . . Transport Status 1 | . . . . . . . . . . . . . . . . . . 1 . . . . . . . Recall Reinforcements 1 | . . . . . . . . . . . . . . . . . . . . . 1 . . . . Hauler Manifests 4 | . 1 . 1 . . . 1 . . . . . 1 . . . . . . . . . . . . Zone Layout 7 | . 2 . 1 . . . 2 . . . . . 1 . . . . . . . 1 . . . . Derelict Proto ID Bank 1 | . . . . . 1 . . . . . . . . . . . . . . . . . . . . Fabricator Hacks 5 | . . . . . . . . 2 . . . . . . . . . 2 . 1 . . . . . Load Schematic 3 | . . . . . . . . 1 . . . . . . . . . 1 . 1 . . . . . Build 2 | . . . . . . . . 1 . . . . . . . . . 1 . . . . . . . Repair Station Hacks 13 | . 1 . 6 . . . 1 2 . . . . 1 . . . . . . . . . . . 2 Scan Component 8 | . 1 . 3 . . . 1 1 . . . . 1 . . . . . . . . . . . 1 Repair 5 | . . . 3 . . . . 1 . . . . . . . . . . . . . . . . 1 Recycling Unit Hacks 1 | . . . . . . . . . . . . . 1 . . . . . . . . . . . . Retrieve Components 1 | . . . . . . . . . . . . . 1 . . . . . . . . . . . . Scanalyzer 7 | . . . . . . . 3 . . . . . 4 . . . . . . . . . . . . Insert Component 5 | . . . . . . . 2 . . . . . 3 . . . . . . . . . . . . Analyze 2 | . . . . . . . 1 . . . . . 1 . . . . . . . . . . . . Garrison Access Hacks 2 | . . . . . . . . 1 . . . . . . . . . . . 1 . . . . . Seal Access 2 | . . . . . . . . 1 . . . . . . . . . . . 1 . . . . . Unauthorized Hacks 16 | . 2 . 2 . . . 3 . . . . . 2 . . . . 1 . . 2 . . 4 . Terminals 16 | . 2 . 2 . . . 3 . . . . . 2 . . . . 1 . . 2 . . 4 . Botnet 13 | . 2 . 2 . . . 3 . . . . . 2 . . . . 1 . . 2 . . 1 . Sabotage 3 | . . . . . . . . . . . . . . . . . . . . . . . . 3 . Fabricators . | . . . . . . . . . . . . . . . . . . . . . . . . . . Repair Stations . | . . . . . . . . . . . . . . . . . . . . . . . . . . Recycling Units . | . . . . . . . . . . . . . . . . . . . . . . . . . . Scanalyzers . | . . . . . . . . . . . . . . . . . . . . . . . . . . Garrison Access . | . . . . . . . . . . . . . . . . . . . . . . . . . . Data Cores Recovered 1 | . . . . . . . 1 . . . . . . . . . . . . . . . . . . Used . | . . . . . . . . . . . . . . . . . . . . . . . . . . Hacking Detections 54 | . 6 . 7 . . 1 11 6 . . . . 6 . . . . 5 . 2 5 1 . 4 . Full Trace Events 13 | . 2 . 2 . . 1 3 2 . . . . 1 . . . . 1 . . . . . 1 . Feedback Events 1 | . . . . . . . 1 . . . . . . . . . . . . . . . . . . Corruption 1 | . . . . . . . 1 . . . . . . . . . . . . . . . . . . Feedback Blocked 1 | . . . . . . . . . . . . . . . . . . . . . . . . 1 . Robot Schematics Acquired 4 | . . . . . . . . . . . 4 . . . . . . . . . . . . . . Robots Built . | . . . . . . . . . . . . . . . . . . . . . . . . . . Authchips . | . . . . . . . . . . . . . . . . . . . . . . . . . . Time . | . . . . . . . . . . . . . . . . . . . . . . . . . . Total Robot Build Rating . | . . . . . . . . . . . . . . . . . . . . . . . . . . Part Schematics Acquired 19 | . 2 . . . . . 1 2 . . 9 . 1 . . 4 . . . . . . . . . Parts Built 2 | . . . . . . . . 1 . . . . . . . . . 1 . . . . . . . Authchips . | . . . . . . . . . . . . . . . . . . . . . . . . . . Time 101 | . . . . . . . . 25 . . . . . . . . . 76 . . . . . . . Total Part Build Rating 6 | . . . . . . . . 1 . . . . . . . . . 5 . . . . . . . Parts Repaired 5 | . . . 3 . . . . 1 . . . . . . . . . . . . . . . . 1 Time 205 | . . . 84 . . . . 26 . . . . . . . . . . . . . . . . 95 Parts Recycled . | . . . . . . . . . . . . . . . . . . . . . . . . . . Recycled Matter . | . . . . . . . . . . . . . . . . . . . . . . . . . . Retrieved Matter . | . . . . . . . . . . . . . . . . . . . . . . . . . . Retrieved Components 9 | . . . . . . . . . . . . . 9 . . . . . . . . . . . . Parts Scanalyzed 2 | . . . . . . . 1 . . . . . 1 . . . . . . . . . . . . Part Schematics Acquired 2 | . . . . . . . 1 . . . . . 1 . . . . . . . . . . . . Parts Damaged . | . . . . . . . . . . . . . . . . . . . . . . . . . . Bothacking | -11 -10 -10 -9 -9 -9 -8 -8 -7 -7 -7 -7 -6 -6 -6 -6 -6 -5 -5 -5 -5 -5 -5 -5 -5 -4 ------------ Run | Yrd Mat Min Mat Min Exi Min Mat Fac Low Low Dat Pro Fac Low Low Zio Pro Fac Was Fac Ext Cet Arc Hub Fac Used RIF Installer . | . . . . . . . . . . . . . . . . . . . . . . . . . . Robots Hacked 5 | . . . . . 3 . . . . . . . . . . . . . . . 2 . . . . Non-combat 2 | . . . . . 2 . . . . . . . . . . . . . . . . . . . . Combat 3 | . . . . . 1 . . . . . . . . . . . . . . . 2 . . . . Robot Hacks Applied 6 | . . . . . 3 . . . . . . . . . . . . . . . 3 . . . . parse_system 6 | . . . . . 3 . . . . . . . . . . . . . . . 3 . . . . Relay Couplers Released 12 | . . . . . . . . . . . . . 3 . . . . . . 4 . . . 5 . Machine Destruction 4 | . . . . . . . . . . . . . 3 . . . . . . . . . . 1 . Programmers 8 | . . . . . . . . . . . . . . . . . . . . 4 . . . 4 . Fabnet Peak Effective % . | . . . . . . . . . . . . . . . . . . . . . . . . . . Robots Rewired 23 | . . . . . . . . . 2 2 . . . . 2 . . . . . 17 . . . . Allies Hacked . | . . . . . . . . . . . . . . . . . . . . . . . . . . Hacks Repelled . | . . . . . . . . . . . . . . . . . . . . . . . . . . Allies | -11 -10 -10 -9 -9 -9 -8 -8 -7 -7 -7 -7 -6 -6 -6 -6 -6 -5 -5 -5 -5 -5 -5 -5 -5 -4 -------- Run | Yrd Mat Min Mat Min Exi Min Mat Fac Low Low Dat Pro Fac Low Low Zio Pro Fac Was Fac Ext Cet Arc Hub Fac Total Allies 62 | . . . . . . . . . 2 2 . . 12 . 2 4 . . 19 3 18 . . . . Largest Group 33 | . . . . . . . . . 2 2 2 . 4 . 2 5 4 . 19 22 33 26 16 12 . Highest-Rated Group 1105 | . . . . . . . . . 52 62 62 . 113 . 58 127 98 . 702 795 1105 891 489 339 . Highest-Rated Ally 50 | . . . . . . . . . 32 32 32 . 31 . 29 31 31 . 50 50 50 50 46 39 . Total Orders 48 | . . . . . 2 . . . . 6 . . . 2 6 1 . . . . 5 13 11 2 . STAY 25 | . . . . . . . . . . 3 . . . . 3 1 . . . . 3 8 6 1 . FOLLOW 19 | . . . . . . . . . . 3 . . . . 3 . . . . . 2 5 5 1 . EXPLORE 3 | . . . . . 1 . . . . . . . . 2 . . . . . . . . . . . RETURN 1 | . . . . . 1 . . . . . . . . . . . . . . . . . . . . Ally Attacks 517 | . . . . . . . . . . 32 3 . . . 24 2 43 . 25 79 153 84 27 45 . Total Damage 15229 | . . . . . . . . . . 997 81 . . . 399 20 840 . 690 1365 6560 2652 748 877 . Kills 89 | . . . . . . . . . . 12 . . . . 4 . 7 . 2 10 35 10 3 6 . Allies Corrupted . | . . . . . . . . . . . . . . . . . . . . . . . . . . Allies Melted . | . . . . . . . . . . . . . . . . . . . . . . . . . . Intel | -11 -10 -10 -9 -9 -9 -8 -8 -7 -7 -7 -7 -6 -6 -6 -6 -6 -5 -5 -5 -5 -5 -5 -5 -5 -4 ------- Run | Yrd Mat Min Mat Min Exi Min Mat Fac Low Low Dat Pro Fac Low Low Zio Pro Fac Was Fac Ext Cet Arc Hub Fac Robot Analysis Total 140 | . 2 . . . . . 4 . . . 134 . . . . . . . . . . . . . . Derelict Logs Recovered 7 | . . . . 1 . . . . . 2 . . . 1 . 2 1 . . . . . . . . Drone Launches 3 | . . . . . 1 . . . . . . . . 2 . . . . . . . . . . . Drone Recoveries 1 | . . . . . 1 . . . . . . . . . . . . . . . . . . . . Exploration | -11 -10 -10 -9 -9 -9 -8 -8 -7 -7 -7 -7 -6 -6 -6 -6 -6 -5 -5 -5 -5 -5 -5 -5 -5 -4 ------------- Run | Yrd Mat Min Mat Min Exi Min Mat Fac Low Low Dat Pro Fac Low Low Zio Pro Fac Was Fac Ext Cet Arc Hub Fac Turns Passed 42637 | 109 904 50 2533 1210 1767 922 3024 3388 1838 2771 685 1365 3814 2161 3147 4922 1147 1218 725 539 1262 600 525 1678 333 Spaces Moved 13423 | 50 429 41 854 458 594 216 661 936 524 859 209 455 1306 658 702 1172 476 486 374 313 640 320 127 502 61 Core 5 | 3 . . . . . . . . . 2 . . . . . . . . . . . . . . . Treads 7247 | 47 95 . 640 458 594 216 661 936 524 266 120 41 235 . . . . 109 374 313 640 320 127 502 29 Legs 2546 | . 2 . . . . . . . . 4 . 298 359 . 213 785 476 377 . . . . . . 32 Wheels 3625 | . 332 41 214 . . . . . . 587 89 116 712 658 489 387 . . . . . . . . . Hover . | . . . . . . . . . . . . . . . . . . . . . . . . . . Flight . | . . . . . . . . . . . . . . . . . . . . . . . . . . Fastest Speed 50 | 50 110 110 110 240 240 400 320 156 316 155 155 260 195 285 300 260 194 193 160 160 160 160 160 160 240 Average Speed 260 | 153 147 110 215 240 290 400 327 316 318 298 258 279 233 309 414 281 227 205 169 160 160 160 160 194 374 Slowest Speed 2800 | 160 400 110 320 240 400 400 400 320 552 2800 330 320 880 315 820 320 264 264 250 160 160 160 160 340 680 Overloaded Moves . | . . . . . . . . . . . . . . . . . . . . . . . . . . Propulsion Burnouts . | . . . . . . . . . . . . . . . . . . . . . . . . . . Robots Hopped . | . . . . . . . . . . . . . . . . . . . . . . . . . . Cave-ins Triggered . | . . . . . . . . . . . . . . . . . . . . . . . . . . Exploration Rate (%) 57 | 4 66 8 68 62 91 57 70 17 68 93 81 66 23 79 84 86 74 18 96 10 71 78 77 54 2 Regions Visited 25 Branch Regions 16 Pre-discovered Areas 25 | . . . . 1 1 . . . . . 23 . . . . . . . . . . . . . . Known Exits Taken 3 | . . . . . . . . 1 . . . . 1 1 . . . . . . . . . . . Unknown Exits Taken 20 | 1 1 1 1 1 1 1 1 . 1 1 1 1 . . 1 1 1 . . 1 1 1 1 1 . Scrap Searched 28 | . . . . . . 1 . . 1 4 . 3 . 9 8 1 1 . . . . . . . . Spaces Dug 100 | . . . . 12 . . 11 1 . . . 1 47 10 . . . 10 . . . 3 . 5 . Terrain Destroyed 906 | . 7 . . 40 . . 33 18 2 52 . 64 159 28 77 . . 21 3 2 10 4 16 362 8 Melee 17 | . . . . . . . 1 1 . . . . 13 . . . . 2 . . . . . . . Projectile 234 | . . . . . . . 12 17 2 1 . 11 32 . 1 . . 19 3 2 3 4 16 103 8 AOE 655 | . 7 . . 40 . . 20 . . 51 . 53 114 28 76 . . . . . 7 . . 259 . Terrain Rammed . | . . . . . . . . . . . . . . . . . . . . . . . . . . Walls Destroyed . | . . . . . . . . . . . . . . . . . . . . . . . . . . Machines Disabled . | . . . . . . . . . . . . . . . . . . . . . . . . . . Actions | -11 -10 -10 -9 -9 -9 -8 -8 -7 -7 -7 -7 -6 -6 -6 -6 -6 -5 -5 -5 -5 -5 -5 -5 -5 -4 --------- Run | Yrd Mat Min Mat Min Exi Min Mat Fac Low Low Dat Pro Fac Low Low Zio Pro Fac Was Fac Ext Cet Arc Hub Fac Total 19233 | 68 583 45 1270 513 633 250 1253 1239 648 1021 294 518 1874 764 873 2783 506 636 459 346 833 404 433 866 121 Wait 3539 | . 41 4 151 4 16 17 383 149 16 46 7 14 344 58 29 1577 . 66 13 15 93 55 296 131 14 Move 13400 | 49 428 40 853 457 593 216 660 935 523 858 208 454 1305 657 701 1171 475 486 373 312 639 319 126 501 61 Hop . | . . . . . . . . . . . . . . . . . . . . . . . . . . Pick Up 297 | 6 20 . 35 3 4 3 15 50 1 36 11 5 20 7 19 4 1 11 9 5 8 8 . 15 1 Fast Attach 103 | 7 1 . 11 . 4 . 5 2 3 9 1 . 7 7 7 6 2 5 8 . . 1 2 13 2 Attach 130 | . 3 . 6 1 . . 9 6 6 7 7 7 13 6 15 . 4 6 5 2 1 3 . 16 7 Detach 36 | . 2 . 4 . . . 1 1 1 1 . 3 4 3 2 2 2 1 2 . . . . 5 2 Swap 250 | . 6 1 23 13 6 1 26 16 9 10 8 8 43 8 12 1 5 11 4 1 15 3 . 18 2 Drop 220 | . 8 . 39 6 7 1 18 20 1 10 7 5 19 3 10 11 2 8 18 4 8 9 2 4 . Fire 1007 | 6 74 . 148 29 . 12 135 54 18 24 . 22 79 15 44 . 13 37 27 7 68 6 7 158 24 Melee 133 | . . . . . 3 . 1 5 . 3 45 . 40 . 6 11 2 5 . . . . . 4 8 Ram 1 | . . . . . . . . . . . . . . . . . . . . . . . . 1 . Kick . | . . . . . . . . . . . . . . . . . . . . . . . . . . Crush 2 | . . . . . . . . 1 . . . . . . . . . . . . 1 . . . . Escape Stasis . | . . . . . . . . . . . . . . . . . . . . . . . . . . Rewire 115 | . . . . . . . . . 70 17 . . . . 28 . . . . . . . . . . Trap . | . . . . . . . . . . . . . . . . . . . . . . . . . . Miscellaneous . | . . . . . . . . . . . . . . . . . . . . . . . . . . Route ------- -11/Scrapyard -10/Materials (discovered 3 exits: *Mat x2 / [*Min]) -10/Mines -9/Materials (discovered 3 exits: *Mat x2 / [*Min]) -9/Mines (discovered 2 exits: *Mat / *Exi) -9/Exiles (discovered 2 exits: *Min x2) -8/Mines -8/Materials (discovered 2 exits: *Fac x2) -7/Factory (discovered 3 exits: Sto / *Low x2) -7/Lower Caves -7/Lower Caves (discovered 2 exits: *Fac / *Dat) -7/Data Miner -6/Proximity Caves -6/Factory (discovered 2 exits: *Fac / *Low) -6/Lower Caves -6/Lower Caves (discovered 2 exits: *Fac / *Zio) -6/Zion (discovered 2 exits: Dee / [*Pro]) -5/Proximity Caves -5/Factory -5/Waste -5/Factory (discovered 3 exits: *Fac / *Upp / *Ext) -5/Extension (discovered 2 exits: *Fac / *Cet) -5/Cetus (discovered 2 exits: *Fac / *Arc) -5/Archives (discovered 3 exits: *Fac / *Hub x2) -5/Hub_04(d) (discovered 2 exits: *Fac x2) -4/Factory History --------- Turn | Location | Event 9 | -11/Scrapyard | Discovered new exit (range 15) 110 | -11/Scrapyard | Entered Materials 369 | -10/Materials | Build established: Mutant 412 | -10/Materials | Discovered new exit (range 14) 584 | -10/Materials | Discovered new exit (range 13) 755 | -10/Materials | Core integrity fell below 50% 867 | -10/Materials | Discovered new exit (range 9) 947 | -10/Materials | Core integrity fell below 20% 1010 | -10/Materials | Derelicts attacked the area 1014 | -10/Materials | Entered Mines 1035 | -10/Mines | Discovered new exit (range 10) 1064 | -10/Mines | Entered Materials 1064 | -9/Materials | Evolved 2 slots: Propulsion x1, Utility x1 1689 | -9/Materials | Build established: Scavenger-Mutant 1956 | -9/Materials | Discovered new exit (range 14) 2000 | -9/Materials | Repaired Lgt. Treads 2027 | -9/Materials | Repaired Grenade Launcher 2564 | -9/Materials | Destroyed 7 combat bots 2770 | -9/Materials | Discovered new exit (range 13) 3007 | -9/Materials | Repaired Imp. Treads 3064 | -9/Materials | First assault squad dispatched 3541 | -9/Materials | Discovered new exit (range 16) 3597 | -9/Materials | Entered Mines 3648 | -9/Mines | Discovered new exit (range 3) 3793 | -9/Mines | Deemed a non-threat by the Exiles lab entrance 3795 | -9/Mines | Discovered new exit (range 5) 3875 | -9/Mines | Build established: Mutant 3986 | -9/Mines | Received a Rocket Launcher from a helpful Derelict 4086 | -9/Mines | Learned location of Storage (-7) 4201 | -9/Mines | Core integrity fell below 50% 4284 | -9/Mines | Found a hidden stash of uninstalled traps 4807 | -9/Mines | Entered Exiles 4828 | -9/Exiles | Build established: Scavenger-Mutant 4867 | -9/Exiles | Met 8R-AWN 4908 | -9/Exiles | Met EX-HEX 4995 | -9/Exiles | Met EX-BIN 5023 | -9/Exiles | Aligned with FarCom system 5026 | -9/Exiles | Given EX-Vault access code 5081 | -9/Exiles | Opened EX-Vault 5098 | -9/Exiles | Found Supersonic Drone Bay 5104 | -9/Exiles | Discovered new exit (range 57) 5111 | -9/Exiles | Discovered new exit (range 70) 5184 | -9/Exiles | Warned to stay clear of 0b10 Research branches 5438 | -9/Exiles | Met EX-DEC 5507 | -9/Exiles | Learned location of Zion (-6) 6105 | -9/Exiles | Build established: Hauler-Mutant 6109 | -9/Exiles | Found Army-in-a-Box 6574 | -9/Exiles | Left Exiles lab with Army-in-a-Box 6574 | -9/Exiles | Entered Mines 7447 | -8/Mines | Discovered new exit (range 10) 7496 | -8/Mines | Entered Materials 7496 | -8/Materials | Evolved 2 slots: Propulsion x1, Utility x1 8540 | -8/Materials | Discovered new exit (range 16) 9247 | -8/Materials | Lost 3 parts (1p2u) 9415 | -8/Materials | Lost 3 parts (2n1u) 10387 | -8/Materials | Discovered new exit (range 16) 10520 | -8/Materials | Entered Factory 10520 | -7/Factory | Evolved 2 slots: Utility x1, Weapon x1 11069 | -7/Factory | Identified exit to Storage 11069 | -7/Factory | Identified exit to Lower Caves 11610 | -7/Factory | Build established: Hauler-Skirmisher 13126 | -7/Factory | Fabricated Cargo Storage Unit (x1) 13365 | -7/Factory | Repaired Humpback 13908 | -7/Factory | Entered Lower Caves 14206 | -7/Lower Caves | Build established: Hauler-Gunner 14451 | -7/Lower Caves | Attracted the attention of an 0b10 checkpoint 15242 | -7/Lower Caves | Attracted the attention of an 0b10 outpost 15257 | -7/Lower Caves | System corruption reached 10% 15309 | -7/Lower Caves | Lost 5 parts (2n2u1w) 15320 | -7/Lower Caves | Destroyed 7 combat bots 15543 | -7/Lower Caves | Build established: Hauler-Tank 15704 | -7/Lower Caves | Discovered new exit (range 14) 15746 | -7/Lower Caves | Entered another Lower Caves area 15746 | -7/Lower Caves | Accompanied by 2 allies 15747 | -7/Lower Caves | Encountered a Warlord checkpoint 15753 | -7/Lower Caves | Learned Factory garrison access intel 15936 | -7/Lower Caves | Discovered new exit (range 9) 16620 | -7/Lower Caves | Attracted the attention of an 0b10 outpost 16698 | -7/Lower Caves | Lost 9 parts (4n2u3w) 16925 | -7/Lower Caves | Build established: Hauler-Mutant 18476 | -7/Lower Caves | Discovered new exit (range 15) 18517 | -7/Lower Caves | Entered Data Miner 18517 | -7/Data Miner | Accompanied by 2 allies 18518 | -7/Data Miner | Discovered new exit (range 6) 18547 | -7/Data Miner | Met Data Miner 18577 | -7/Data Miner | Learned location of Section 7 (-2) 18577 | -7/Data Miner | Acquired the access code to Warlord's prototype stash 18602 | -7/Data Miner | Received God Mode back door access code from Data Miner 18614 | -7/Data Miner | Destroyed Data Miner 18616 | -7/Data Miner | Interfaced with the Data Conduit 18782 | -7/Data Miner | Lost 6 parts (3n2u1w) 18783 | -7/Data Miner | Found Prototype Hackware 18788 | -7/Data Miner | Found Prototype Hackware 18947 | -7/Data Miner | Found Exp. Thermal Shield 19202 | -7/Data Miner | Entered Proximity Caves 19432 | -6/Proximity Caves | Spotted B-75 Beast 19748 | -6/Proximity Caves | Destroyed B-75 Beast 20530 | -6/Proximity Caves | Discovered new exit (range 14) 20567 | -6/Proximity Caves | Entered Factory 20567 | -6/Factory | Evolved 2 slots: Propulsion x1, Utility x1 20568 | -6/Factory | Identified exit to Lower Caves 20569 | -6/Factory | Loaded intel: 304 machine locations 20570 | -6/Factory | Loaded intel: 4 garrison access locations 22515 | -6/Factory | Discovered new exit (range 9) 23657 | -6/Factory | Identified Quantum Router 23657 | -6/Factory | Identified Ghost Barrier 24127 | -6/Factory | Intercept squad dispatched 24145 | -6/Factory | Spotted Tracker 24158 | -6/Factory | Spotted Combat Programmer 24184 | -6/Factory | Destroyed Combat Programmer 24209 | -6/Factory | Destroyed Tracker 24219 | -6/Factory | Found Exp. Phase Shifter 24224 | -6/Factory | Found Exp. Targeting Computer 24231 | -6/Factory | Lost 9 parts (3n4u2w) 24235 | -6/Factory | Found Prototype Energy Gun 24277 | -6/Factory | Identified Immobilizer 24381 | -6/Factory | Entered Lower Caves 24492 | -6/Lower Caves | Attracted the attention of an 0b10 checkpoint 24574 | -6/Lower Caves | Build established: Hauler-Tank 25283 | -6/Lower Caves | Encountered a Warlord checkpoint 25501 | -6/Lower Caves | Spotted B-75 Beast 25649 | -6/Lower Caves | Lost 6 parts (1n2u3w) 25732 | -6/Lower Caves | Identified exit to Lower Caves 26542 | -6/Lower Caves | Entered another Lower Caves area 26623 | -6/Lower Caves | Discovered new exit (range 11) 27734 | -6/Lower Caves | Attracted the attention of an 0b10 outpost 27771 | -6/Lower Caves | Destroyed 9 combat bots 27864 | -6/Lower Caves | Lost 8 parts (2p3u3w) 28315 | -6/Lower Caves | Build established: Hauler-Gunner 28658 | -6/Lower Caves | Build established: Hauler-Mutant 28995 | -6/Lower Caves | Attracted the attention of an 0b10 checkpoint 29000 | -6/Lower Caves | Core integrity fell below 50% 29297 | -6/Lower Caves | Build established: Hauler-Gunner 29415 | -6/Lower Caves | Discovered new exit (range 8) 29689 | -6/Lower Caves | Entered Zion 29689 | -6/Zion | Accompanied by 1 ally 29811 | -6/Zion | System corruption cleaned by Quarantine Array 30032 | -6/Zion | Discovered new exit (range 16) 30087 | -6/Zion | Found Prototype Device 31859 | -6/Zion | Identified exit to Deep Caves 31891 | -6/Zion | Found Unknown Piercing Weapon 32452 | -6/Zion | Gained Derelict followers 32652 | -6/Zion | Rebuked by Imprinter 32988 | -6/Zion | Found Prototype Device 32988 | -6/Zion | Identified Phasing AFG 33432 | -6/Zion | Build established: Hauler-Mutant 34611 | -6/Zion | Entered Proximity Caves 34611 | -5/Proximity Caves | Accompanied by 4 allies 34808 | -5/Proximity Caves | Identified CR-A16's Pointy Stick 35285 | -5/Proximity Caves | Build established: Scavenger-Gunner 35503 | -5/Proximity Caves | Lost 4 parts (4w) 35726 | -5/Proximity Caves | Discovered new exit (range 9) 35741 | -5/Proximity Caves | Build established: Hauler-Mutant 35758 | -5/Proximity Caves | Entered Factory 35758 | -5/Factory | Evolved 2 slots: Propulsion x1, Utility x1 35759 | -5/Factory | Identified exit to Upper Caves 35760 | -5/Factory | Loaded intel: 269 machine locations 36248 | -5/Factory | Fabricated Lgt. Regenerative Plating? 36555 | -5/Factory | Build established: Hauler-Skirmisher 36686 | -5/Factory | Intercept squad dispatched 36689 | -5/Factory | Spotted Tracker 36709 | -5/Factory | Destroyed Tracker 36728 | -5/Factory | Spotted Combat Programmer 36742 | -5/Factory | Destroyed Combat Programmer 36747 | -5/Factory | Found Exp. Targeting Computer 36767 | -5/Factory | Lost 3 parts (2u1w) 36976 | -5/Factory | Sucked down chute 36976 | -5/Factory | Entered Waste 36990 | -5/Waste | Spotted C-40 Crusher 37042 | -5/Waste | Spotted C-40 Crusher 37048 | -5/Waste | Destroyed C-40 Crusher 37086 | -5/Waste | Spotted C-40 Crusher 37098 | -5/Waste | Spotted C-40 Crusher 37100 | -5/Waste | Crushed by Compactor (0 parts destroyed, 1 dropped) 37103 | -5/Waste | Crushed by Compactor (1 part destroyed, 2 dropped) 37106 | -5/Waste | Crushed by Compactor (0 parts destroyed, 1 dropped) 37107 | -5/Waste | Destroyed C-40 Crusher 37110 | -5/Waste | Crushed by Compactor (1 part destroyed, 1 dropped) 37114 | -5/Waste | Destroyed C-40 Crusher 37118 | -5/Waste | Destroyed C-40 Crusher 37135 | -5/Waste | Spotted C-40 Crusher 37154 | -5/Waste | Found Damper Plating 37180 | -5/Waste | Spotted C-40 Crusher 37242 | -5/Waste | Warlord forces began an assault 37280 | -5/Waste | Allies destroyed C-40 Crusher 37284 | -5/Waste | Allies destroyed C-40 Crusher 37411 | -5/Waste | Build established: Scavenger-Gunner 37643 | -5/Waste | Discovered new exit (range 12) 37701 | -5/Waste | Entered Factory 37701 | -5/Factory | Accompanied by 19 allies 37702 | -5/Factory | Loaded intel: 281 machine locations 37879 | -5/Factory | Build established: Hauler-Gunner 37925 | -5/Factory | Discovered new exit (range 15) 37957 | -5/Factory | Allied Derelicts emerged from ambush trap array 37998 | -5/Factory | Discovered exit to Upper Caves (range 10) 38205 | -5/Factory | Discovered new exit (range 6) 38240 | -5/Factory | Entered Extension 38240 | -5/Extension | Accompanied by 18 allies 38241 | -5/Extension | Loaded intel: 30 machine locations 38246 | -5/Extension | Build established: Scavenger-Gunner 38443 | -5/Extension | Rescued a captive Derelict 38683 | -5/Extension | Build established: Commander-Gunner 38890 | -5/Extension | Disrupted transfer network 39144 | -5/Extension | Spotted B-75 Beast 39155 | -5/Extension | Spotted B-75 Beast 39172 | -5/Extension | Allies destroyed B-75 Beast 39197 | -5/Extension | Lost 5 allies 39394 | -5/Extension | Discovered new exit (range 16) 39396 | -5/Extension | Discovered new exit (range 15) 39502 | -5/Extension | Entered Cetus 39502 | -5/Cetus | Accompanied by 26 allies 39503 | -5/Cetus | Loaded intel: 24 machine locations 39522 | -5/Cetus | Spotted Cetus Guard 39524 | -5/Cetus | Spotted Cetus Guard 39524 | -5/Cetus | Spotted Cetus Guard 39526 | -5/Cetus | Spotted Cetus Guard 39536 | -5/Cetus | Allies destroyed Cetus Guard 39539 | -5/Cetus | Allies destroyed Cetus Guard 39540 | -5/Cetus | Allies destroyed Cetus Guard 39541 | -5/Cetus | Allies destroyed Cetus Guard 39568 | -5/Cetus | Lost 5 allies 39752 | -5/Cetus | Found a strange terminal 39833 | -5/Cetus | Discovered new exit (range 16) 39887 | -5/Cetus | Spotted Cetus Guard 39888 | -5/Cetus | Spotted Cetus Guard 39894 | -5/Cetus | Spotted Cetus Guard 39896 | -5/Cetus | Spotted Cetus Guard 39903 | -5/Cetus | Allies destroyed Cetus Guard 39908 | -5/Cetus | Allies destroyed Cetus Guard 39910 | -5/Cetus | Discovered new exit (range 16) 39914 | -5/Cetus | Allies destroyed Cetus Guard 39916 | -5/Cetus | Allies destroyed Cetus Guard 39919 | -5/Cetus | Met Revision 17 39943 | -5/Cetus | Lost 5 allies 40102 | -5/Cetus | Entered Archives 40102 | -5/Archives | Accompanied by 16 allies 40103 | -5/Archives | Loaded intel: 8 machine locations 40164 | -5/Archives | Lost 4 allies 40174 | -5/Archives | Discovered new exit (range 15) 40189 | -5/Archives | Unable to access archive contents 40192 | -5/Archives | Discovered new exit (range 16) 40205 | -5/Archives | Unable to access archive contents 40208 | -5/Archives | Discovered new exit (range 15) 40435 | -5/Archives | Build established: Scavenger-Gunner 40627 | -5/Archives | Entered Hub_04(d) 40627 | -5/Hub_04(d) | Accompanied by 12 allies 40628 | -5/Hub_04(d) | Loaded intel: 99 machine locations 40722 | -5/Hub_04(d) | Discovered new exit (range 12) 40737 | -5/Hub_04(d) | Network Hub disabled 40776 | -5/Hub_04(d) | Lost 5 allies 40880 | -5/Hub_04(d) | Garrison activated, responded to threat 40924 | -5/Hub_04(d) | Lost 3 allies 40964 | -5/Hub_04(d) | Spotted Lightning 40975 | -5/Hub_04(d) | Garrison activated, responded to threat 40981 | -5/Hub_04(d) | Spotted Lightning 40982 | -5/Hub_04(d) | Destroyed Lightning 40986 | -5/Hub_04(d) | Spotted Lightning 41024 | -5/Hub_04(d) | System corruption reached 10% 41031 | -5/Hub_04(d) | Destroyed Lightning 41045 | -5/Hub_04(d) | Destroyed Lightning 41073 | -5/Hub_04(d) | Lost 4 parts (1p2n1u) 41082 | -5/Hub_04(d) | Destroyed 11 combat bots 41087 | -5/Hub_04(d) | Found Prototype Energy Cannon 41227 | -5/Hub_04(d) | First assault squad dispatched 41254 | -5/Hub_04(d) | Garrison activated, responded to threat 41315 | -5/Hub_04(d) | Destroyed 12 combat bots 41322 | -5/Hub_04(d) | Garrison activated, responded to threat 41476 | -5/Hub_04(d) | Discovered new exit (range 10) 41480 | -5/Hub_04(d) | Network Hub disabled 41538 | -5/Hub_04(d) | Lost 3 parts (1n2w) 41790 | -5/Hub_04(d) | Network Hub disabled 41813 | -5/Hub_04(d) | Build established: Hauler-Gunner 41868 | -5/Hub_04(d) | Intercept squad dispatched 41878 | -5/Hub_04(d) | Spotted Tracker 41887 | -5/Hub_04(d) | Core integrity fell below 50% 41890 | -5/Hub_04(d) | Destroyed Tracker 41904 | -5/Hub_04(d) | Spotted Combat Programmer 41962 | -5/Hub_04(d) | Destroyed Combat Programmer 42180 | -5/Hub_04(d) | High security lockdown imminent 42195 | -5/Hub_04(d) | System corruption reached 30% 42260 | -5/Hub_04(d) | High security lockdown engaged 42305 | -5/Hub_04(d) | Entered Factory 42305 | -4/Factory | Evolved 2 slots: Utility x1, Weapon x1 42306 | -4/Factory | Loaded intel: 255 machine locations 42334 | -4/Factory | Lost 3 parts (1n1u1w) 42336 | -4/Factory | Identified EMDS 42439 | -4/Factory | Repaired Broken Nova Cannon 42489 | -4/Factory | Lost 5 parts (3n1u1w) 42596 | -4/Factory | First assault squad dispatched 42638 | -4/Factory | Self-destructed Last Messages --------------- (Impale). 42444_ Imp. Treads destroyed. 42452_ Slug penetrates Wall. 42452_ M-13 Machinist destroyed. 42454_ Slug penetrates G-67 Veteran. 42458_ Imp. Treads destroyed. 42459_ Slug penetrates G-67 Veteran. 42459_ G-67 Veteran destroyed. 42465_ Acquired 153 matter. 42481_ Acquired Flexi-carbon Leg. 42503_ Acquired 10 matter. 42517_ Slug penetrates W-44 Eye. 42539_ Acquired Nova Cannon. 42555_ ALERT: Rogue bot located, Programmers report to Factory Zone 9B. 42574_ Acquired Myomer Leg. 42596_ ALERT: Significant disruption in Zone 9X, multiple assault carriers dispatched. 42606_ R-10 Processor collects Adv. Heat Sink. 42609_ R-10 Processor collects Phase Gun. Map ----- +----------------------------------------------------+ | ?????????????????????????????????????????????????? | | ?????????????????????????????????????????????????? | | ?????????????????????????????????????????????????? | | ?????????????????????????????????????????????????? | | ?????????????????????????????????????????????????? | | ?????????????????????????????????????????????????? | | ???????????????????????? ???"""????????????????? | | ???????????????????????? ?"""????????????????? | | ???????????????????????? """????????????????? | | ???????????????????????? ?????"""??????????? | | ???????????????????????# """???"""??????????? | | ???????????????????????# """???"""??????????? | | ???????????????????????+C """????????????????? | | ???????????????????????# ????????????????? | | ???????????????????????# """ #?????????????? | | ???????????????????????# """ #?????????????? | | ?????????????????????### """ ??????????????? | | ???????#######???????# ?????????H?????? | | ???????# #???????# """ ????????????? | | ???????# ######### """ ?????????? | | ??????## """ ????????? | | ??????# ?????????? | | ??????#T ## """ ???????????? | | ??????## ## ! """ ??????????????? | | ???????# %## """ ????????? | | ???????##########+####+##@ ????????? | | ???# " =%[! # """ ?????"""? | | ?????????### """ ! # """ ???????T"? | | ???????????# "R # """ ? ?????????"""? | | ???????????# """ !# ???????????????? | | ???????????# # ????C?????????? | | ???????????# [ # ?????????????? | | ???????????# # ?????????????? | | ???????????# """"" ###### ????????????? | | ???????????# """"" #?????########???????????? | | ???????????# """ #????????????????????????? | | ???????????# #????????????????????????? | | ???????????# #????????????????????????? | | ???????????##############????????????????????????? | | | | | | | | | | | | | | | | | | | | | | | +----------------------------------------------------+ Best States ------------- Heat Dissipation 67 Coolant Potential 80 Energy Generation 25 Energy Capacity 500 Matter Stores 300 Matter Capacity 300 Sight Range 22 Terrain Scan Density 10 Armor Coverage 600 Resistance: KI 30 Resistance: TH 30 Propulsion Shielding 33 Weapon Cycling 15 Phase Shifting 20 Evasion (%) 60 Targeting Accuracy 24 Core Analysis 6 Recoil Reduction 6 Matter Filtering 30 Particle Charging 25 Kinecelleration 40 Offensive Hacking 20 Defensive Hacking 25 Item Schematics ----------------- Huge Storage Unit | -10/Materials | Hacked Cargo Storage Unit | -10/Materials | Hacked Lrn. Tractor Beam | -8/Materials | Scanalyzed Hvy. Armor Plating | -7/Factory | Hacked Imp. Focal Shield | -7/Factory | Hacked Combat Drone Bay | -7/Data Miner | Free Lgt. Regenerative Plating | -7/Data Miner | Free Exp. Targeting Computer | -7/Data Miner | Free Hvy. Treads | -7/Data Miner | Free Mass Driver | -7/Data Miner | Free Imp. Transmission Jammer | -7/Data Miner | Free Adv. Sensor Array | -7/Data Miner | Free Imp. Heavy Machine Gun | -7/Data Miner | Free Cld. Aerolev Unit | -7/Data Miner | Free Imp. Heavy Armor Plating | -6/Factory | Scanalyzed Beamcaster | -6/Zion | Free Riot Gun | -6/Zion | Free Arc Thrower | -6/Zion | Free Battle Rifle | -6/Zion | Free Robot Schematics ------------------ G-50 Soldier | -7/Data Miner | Free W-25 Informer | -7/Data Miner | Free Y-54 Guardian | -7/Data Miner | Free S-27 Virus | -7/Data Miner | Free Fabricated ------------ Cargo Storage Unit | x1 | -7/Factory Lgt. Regenerative Plating | x1 | -5/Factory Alien Tech Used ----------------- None Achievements -------------- None Challenges ------------ None Game ------ Seed ThrusterCompactLink Manual? 0 Play Time 05:22:46 Cumulative 130.5 hours Start 2024.06.01 @ 14:22:40 End 2024.06.03 @ 15:22:36 Sessions 9 Manual Loads 0 Difficulty Rogue Special Mode None Game No. 60 Rogue 60 Adventurer 0 Explorer 0 Win Type - Total 2 Types 1/0/1/0/0/0/0/0/0 Lore% 62 Gallery% 74 Achievement% 55 Wizard Run 0 Options --------- Layout 1 ASCII 0 Keyboard 0 Movement Mouse Keybinds 0 Fullscreen 2 Font 18/SmallcapsGlow Map View 50x40 Zoom Use 0% Tactical HUD 1 Map Filters NONE Filters NONE Steam 1 RUN: d490ab15-d769-4c2d-a963-83e177675200